 Dungeon Crawl Stone Soup version 0.31-a0-198-g2ad674f65e (webtiles) character file.

Game seed: 4772686233740572571

43 qw the Shooter (level 3, -2/20 HPs)
             Began as a Deep Elf Hunter on June 25, 2023.
             Slain by Robin
             ... wielding a +0 spear
              (4 damage)
             ... on level 2 of the Dungeon.
             The game lasted 00:00:18 (974 turns).

qw the Shooter (Deep Elf Hunter)                     Turns: 974, Time: 00:00:19

Health: -2/20      AC:  3    Str: 10    XL:     3   Next: 37%
Magic:  5/5        EV: 12    Int: 13    God:
Gold:   17         SH:  0    Dex: 18    Spells: 2/2 levels left

rFire   . . .        a - +0 shortbow
rCold   . . .        (shield currently unavailable)
rNeg    . . .        c - +0 leather armour
rPois   .            (no helmet)
rElec   .            (no cloak)
rCorr   .            (no gloves)
SInv    .            (no boots)
Will    .....        (no amulet)
Stlth   ++           (no ring)
HPRegen 0.23/turn    (no ring)
MPRegen 0.09/turn

%: no passive effects
@: no status effects
A: no striking features
a: no special abilities


You were on level 2 of the Dungeon.
You visited 1 branch of the dungeon, and saw 2 of its levels.

You collected 17 gold pieces.


   Skills:
 - Level 1.5 Fighting
 + Level 6.9 Ranged Weapons
 - Level 2.4 Dodging
 - Level 1.2 Stealth


You had 2 spell levels left.
You didn't know any spells.
Your spell library was empty.

Inventory:

Hand Weapons
 a - a +0 shortbow (weapon)
Armour
 c - a +0 leather armour (worn)
Potions
 d - a potion of magic {unknown}
 e - a potion of enlightenment {unknown}
 f - a potion of mutation {unknown}
 g - a potion of heal wounds {unknown}
 h - a potion of curing {unknown}

Dungeon Overview and Level Annotations

Branches:
Dungeon (2/15)

Altars:

Shops:
D:1 *

Annotations:
D:2 Robin


Message History

You kill the hobgoblin!
You shoot an arrow. The arrow closely misses the hobgoblin.
The arrow closely misses the goblin.
You shoot an arrow. The arrow hits Robin.
Robin is lightly wounded.
Robin hits you from afar with a +0 spear.
You shoot an arrow. The arrow closely misses the hobgoblin.
The arrow closely misses the goblin.
Robin barely misses you. The hobgoblin barely misses you.
Robin hits you from afar with a +0 spear.
The hobgoblin closely misses you.
You shoot an arrow. The arrow barely misses the hobgoblin.
The arrow barely misses the goblin.
The hobgoblin closely misses you.
Robin hits you from afar with a +0 spear.
You shoot an arrow. The arrow hits the hobgoblin.
The hobgoblin is heavily wounded.
Robin closely misses you.
The hobgoblin hits you but does no damage.
You shoot an arrow. The arrow hits the hobgoblin!
You kill the hobgoblin!
Robin hits you from afar with a +0 spear.
You shoot an arrow. The arrow misses the goblin.
The goblin no longer looks unusually strong.
The goblin hits you with a +0 dagger. Robin hits you but does no damage.
You shoot an arrow. The arrow hits the goblin.
The goblin is moderately wounded.
Robin hits you but does no damage. The goblin barely misses you.
You shoot an arrow. The arrow barely misses the goblin.
Robin says, "Feeling lonely?"
Robin roars a battlecry!
The goblin goes into a battle-frenzy!
The goblin barely misses you.
You shoot an arrow. The arrow closely misses the goblin.
Robin says, "Duck!"
Robin hits you but does no damage. The goblin hits you with a +0 dagger.
You shoot an arrow. The arrow hits the goblin.
You kill the goblin!
Robin hits you from afar with a +0 spear.
You die...

#..# ######### ##..#
#.......#
.....####.......#
........<.....#
##..##.......#
.######..........#
........###......#
.######...g#####.#..
####..@)))....
#######.... .


You could see Robin.

Vanquished Creatures
  A dart slug (D:1)
  3 endoplasms (D:1)
  A giant cockroach (D:1)
  11 goblins
  2 hobgoblins (D:2)
  4 jackals (D:1)
  A quokka (D:1)
  A ball python (D:1)
  4 bats (D:1)
  2 frilled lizards (D:1)
  3 kobolds (D:1)
  2 rats (D:1)
35 creatures vanquished.

Notes
Turn   | Place    | Note
-------+----------+-------------------------------------------
     0 | D:1      | qw the Deep Elf Hunter began the quest for the Orb.
     0 | D:1      | Reached XP level 1. HP: 12/12 MP: 3/3
     0 | D:1      | 0 ||| qw: Version: 0.3-a-22-g0ed2b0b
     0 | D:1      | 0 ||| qw: Game counter: 5327
     0 | D:1      | 0 ||| qw: Melee chars always use a shield: true
     0 | D:1      | 0 ||| qw: God list: Okawaru
     0 | D:1      | 0 ||| qw: Allow faded altars: false
     0 | D:1      | 0 ||| qw: Do Orc after clearing Dungeon:15 true
     0 | D:1      | 0 ||| qw: Do second Lair branch before Depths: true
     0 | D:1      | 0 ||| qw: Lair rune preference: random
     0 | D:1      | 0 ||| qw: Goals: Normal
     0 | D:1      | 0 ||| PLANNING D:1-11
    87 | D:1      | Found Senkepoc's Assorted Antiques.
    99 | D:1      | 99 ||| SHOPLISTING fizzy red potion (26 gold, have 8).
    99 | D:1      | 99 ||| SHOPLISTING glowing scarf (232 gold, have 8).
    99 | D:1      | 99 ||| SHOPLISTING green potion (26 gold, have 8).
    99 | D:1      | 99 ||| SHOPLISTING sapphire ring (145 gold, have 8).
    99 | D:1      | 99 ||| SHOPLISTING scroll labelled GUF MOWKAPN (29 gold,
                  | have 8).
    99 | D:1      | 99 ||| SHOPLISTING scroll labelled HYADAXZ TUEXU (29 gold,
                  | have 8).
    99 | D:1      | 99 ||| SHOPLISTING shiny ring mail (203 gold, have 8).
   249 | D:1      | Reached XP level 2. HP: 16/16 MP: 4/4
   267 | D:1      | Reached skill level 6 in Ranged Weapons
   674 | D:1      | Reached XP level 3. HP: 20/20 MP: 5/5
   868 | D:1      | 868 ||| DRINKING 2 smoky orange potions.
   924 | D:1      | 924 ||| DROPPING scroll of butterflies.
   925 | D:1      | 925 ||| DROPPING potion of lignification.
   952 | D:2      | Noticed Robin
   973 | D:2      | HP: 1/20 [goblin/+0 dagger[Robin] (5)]
   974 | D:2      | Slain by Robin

Levels and vault maps discovered:
D:1:      sevenhm_arrival_forest_fort_small_4, layout_basic, serial_shops, shop
D:2:      kennysheep_big_flooded_room, layout_rooms, basic_altar, uniq_robin

Skill      XL: |  1  2 |
---------------+-------+-----
Ranged Weapons | 6 |  6.9
Fighting       | |  1.5
Dodging        | |  2.4
Stealth        | |  1.2

Action                     || total
---------------------------++-------
   Fire: Shortbow          ||    80
    Use: Potion            ||     1
 Armour: Leather armour    ||    12
  Dodge: Dodged            ||    19

Table legend:
 A = Non-vault XP
 B = Vault XP
 C = Vault XP percentage of total XP
 D = Non-vault monster count
 E = Vault monster count
 F = Vault count percentage of total count
                 A         B        C        D         E       F
            +---------+---------+-------+---------+---------+-------
      Total |      45 |      19 |  29.7 |      25 |      10 |  28.6
            +---------+---------+-------+---------+---------+-------
        D:1 |      45 |       0 |   0.0 |      25 |       0 |   0.0
        D:2 |       0 |      19 | 100.0 |       0 |      10 | 100.0
            +---------+---------+-------+---------+---------+-------
